 Dungeon Crawl Stone Soup version 0.26-a0-1139-g7d2dc893a1 (webtiles) character file.

Game seed: 9695687406492195887

461 Dracia the Covered (level 6, -1/47 HPs)
             Began as a Demonspawn Fighter on Dec 21, 2020.
             Was an Initiate of Wu Jian.
             Slain by a worker ant (4 damage)
             ... on level 4 of the Dungeon.
             The game lasted 00:03:55 (3517 turns).

Dracia the Covered (Demonspawn Fighter)             Turns: 3517, Time: 00:03:55

Health: -1/47      AC: 10    Str: 18    XL:     6   Next: 79%
Magic:  6/6        EV: 10    Int:  9    God:    Wu Jian [......]
Gold:   123        SH:  0    Dex: 13    Spells: 5/5 levels left

rFire    . . .     SeeInvis .     - Unarmed
rCold    . . .     Faith    .   (no shield)
rNeg     . . .     Spirit   .   b - +0 scale mail
rPois    .         Reflect  .   (no helmet)
rElec    .         Harm     .   (no cloak)
rCorr    .         Rampage  .   (no gloves)
Will     .....                  (no boots)
Stlth    ..........             (no amulet)
HPRegen  0.15/turn              (no ring)
MPRegen  0.10/turn              (no ring)

@: lethally poisoned (-1 -> -15)
A: claws 1, icy blue scales 1, foul stench 1, mutation resistance 1, shaggy fur
1, miasma immunity
a: Renounce Religion


You were on level 4 of the Dungeon.
You worshipped Wu Jian.
Wu Jian was noncommittal.
You visited 1 branch of the dungeon, and saw 4 of its levels.

You collected 123 gold pieces.


Innate Abilities, Weirdness & Mutations

You have sharp fingernails.
You are partially covered in icy blue scales. (AC +2)
You may emit foul miasma when damaged in melee.
You are immune to miasma.
You are somewhat resistant to further mutation.
You are covered in fur. (AC +1)


   Skills:
 - Level 3.0 Fighting
 - Level 4.0 Axes
 + Level 4.2 Armour
 + Level 1.5 Dodging
 - Level 3.7 Shields
 * Level 2.3 Unarmed Combat


You had 5 spell levels left.
You didn't know any spells.
Your spell library was empty.

Inventory:

Missiles
 m - 5 poisoned darts (quivered)
Armour
 b - a +0 scale mail (worn)
 c - a +0 kite shield
Wands
 a - a wand of random effects (17)
 k - a wand of acid (8)
Scrolls
 e - 4 scrolls of identify {unknown}
 g - 4 scrolls of teleportation {unknown}
 h - a scroll of fog {unknown}
 i - a scroll of magic mapping {unknown}
 o - a scroll of fear {unknown}
Potions
 d - a potion of might
 f - a potion of berserk rage {!q!q}
 l - 2 potions of attraction {unknown}
 n - a potion of curing {unknown}

Dungeon Overview and Level Annotations

Branches:
Dungeon (4/15)
 Temple: D:4-7

Altars:
Ashenzari
Qazlal
Trog
Wu Jian

Annotations:
D:2 1 runed translucent door, Crazy Yiuf
D:3 1 runed translucent door, Dracia's ghost, amateur TrMo

##.#### ##.## #.#
##.#.## #.#
#.###.# ##.#.##
##..# ##.# ##..#
####...##########
+......wB@.......
####...##########
.. #....###
....###.##...#####
#...............
#.......).......
##..............
#..............
#...!..........


You could see a worker ant (sick) and a dart slug.


Message History

You barely miss the worker ant.
The worker ant is heavily wounded.
The worker ant bites you but does no damage.
You scratch the worker ant.
The worker ant is severely wounded.
The worker ant bites you but does no damage.
You barely miss the worker ant.
The worker ant is severely wounded.
The worker ant closely misses you.
You scratch the worker ant but do no damage.
The worker ant is severely wounded.
The worker ant bites you.
* * * LOW HITPOINT WARNING * * *
You are poisoned.
The worker ant poisons you! The worker ant closely misses you.
You closely miss the worker ant.
The worker ant is severely wounded.
You feel sick. The worker ant bites you.
* * * LOW HITPOINT WARNING * * *
You scratch the worker ant.
The worker ant is almost dead.
You feel sick. The worker ant bites you.
* * * LOW HITPOINT WARNING * * *
You are more poisoned.
The worker ant poisons you!
It was a potion of mutation.
You feel extremely strange. Fur sprouts all over your body.
You feel genetically stable.
* * * LOW HITPOINT WARNING * * *
You feel sick. The worker ant bites you.
You die...

Skill      XL: |  1  2  3  4  5  6 |
---------------+-------------------+-----
Axes           | 2 4 |  4.0
Armour         | 3 4 |  4.2
Shields        | 3 |  3.7
Unarmed Combat | 1 2 |  2.3
Dodging        | 1 |  1.5
Fighting       | |  3.0

Action                   |  1- 3 |  4- 6 || total
-------------------------+-------+-------++-------
Melee: War axe           |   113 |     1 ||   114
       Unarmed           |       |   206 ||   206
       Punch             |       |     2 ||     2
Invok: Lunge             |       |     3 ||     3
  Use: Potion            |     1 |     2 ||     3
Armor: Scale mail        |    63 |    90 ||   153
Dodge: Dodged            |    31 |    94 ||   125
Block: Kite shield       |    60 |       ||    60

Levels and vault maps discovered:
D:1:      dpeg_arrival_leaves_temple_mockup, layout_loops_ring,
          roderic_roman_lattice, minmay_misc_feat_four_crosses,
          ashenzari_altar_1
D:2:      layout_loops_ring, lemuel_doored_altar, kennysheep_cross_bottleneck,
          uniq_terence, uniq_crazy_yiuf_cottage, uniq_sigmund
D:3:      layout_rooms, lemuel_crystal_altar, lightli_temple_of_fire,
          hellmonk_ghost_happy_afterlife, uniq_jessica
D:4:      layout_loops_corners, serial_shops, shop, wad_floor_pattern_1,
          uniq_menkaure, uniq_grinder

Notes
Turn   | Place    | Note
-------+----------+-------------------------------------------
     0 | D:1      | Dracia the Demonspawn Fighter began the quest for the Orb.
     0 | D:1      | Reached XP level 1. HP: 18/18 MP: 1/1
   160 | D:1      | Reached skill level 2 in Axes
   269 | D:1      | Found a broken altar of Ashenzari.
   390 | D:1      | Gained mutation: You are immune to miasma. [demonic
                  | ancestry]
   390 | D:1      | Reached XP level 2. HP: 18/24 MP: 2/2
  1016 | D:2      | Reached skill level 3 in Armour
  1016 | D:2      | Reached skill level 3 in Shields
  1078 | D:2      | Gained mutation: You are partially covered in icy blue
                  | scales. (AC +2) [demonic ancestry]
  1078 | D:2      | Reached XP level 3. HP: 26/29 MP: 3/3
  1220 | D:2      | Noticed Sigmund
  1234 | D:2      | HP: 2/43 [something (4)]
  1235 | D:2      | Killed Sigmund
  1236 | D:2      | Reached skill level 4 in Axes
  1236 | D:2      | Gained mutation: You may emit foul miasma when damaged in
                  | melee. [demonic ancestry]
  1236 | D:2      | Reached XP level 4. HP: 3/35 MP: 4/4
  1236 | D:2      | Gained mutation: You have sharp fingernails. [demonic
                  | ancestry]
  1236 | D:2      | Reached XP level 5. HP: 4/41 MP: 5/5
  1696 | D:2      | Found a stormy altar of Qazlal.
  1988 | D:2      | Found a runed translucent door.
  1989 | D:2      | Noticed Crazy Yiuf
  2162 | D:2      | Noticed Terence
  2177 | D:2      | Killed Terence
  2178 | D:2      | Reached skill level 1 in Unarmed Combat
  2178 | D:2      | Reached XP level 6. HP: 31/47 MP: 1/6
  2506 | D:3      | Noticed Dracia's ghost (amateur TrMo)
  2510 | D:3      | Found a runed translucent door.
  2512 | D:3      | Noticed Jessica
  2522 | D:3      | Killed Jessica
  2806 | D:3      | Found an ornate altar of the Wu Jian Council.
  2818 | D:3      | Reached skill level 4 in Armour
  2818 | D:3      | Reached skill level 1 in Dodging
  2827 | D:3      | Became a worshipper of the Wu Jian Council
  3172 | D:3      | Found a bloodstained altar of Trog.
  3493 | D:4      | Reached skill level 2 in Unarmed Combat
  3516 | D:4      | HP: 4/47 [worker ant (4)]
  3517 | D:4      | Gained mutation: You are covered in fur. (AC +1) [potion of
                  | mutation]
  3517 | D:4      | Gained mutation: You are somewhat resistant to further
                  | mutation. [potion of mutation]
  3517 | D:4      | Slain by a worker ant

Vanquished Creatures
  Sigmund (D:2)
  An ogre (D:4)
  Jessica (D:3)
  A bullfrog skeleton (D:4)
  An iguana (D:3)
  Terence (D:2)
  3 adders (D:2)
  A white imp (D:3)
  An ufetubus (D:3)
  2 worms
  3 dart slugs
  A leopard gecko (D:2)
  An orc (D:3)
  3 giant cockroaches (D:3)
  10 goblins
  6 hobgoblins
  8 kobolds
  2 quokkas
  A ball python (D:3)
  10 bats
  5 frilled lizards
  10 rats
73 creatures vanquished.

Table legend: (Time is in decaauts)
 A = Elapsed time spent in this place.
 B = Non-inter-level travel time spent in this place.
 C = Inter-level travel time spent in this place.
 D = Time resting spent in this place.
 E = Time spent auto-exploring this place.
 F = Levels seen in this place.
 G = Mean time per level.
                   A        B        C        D        E       F      G
               +--------+--------+--------+--------+--------+-----+--------+
         Total |   3577 |   3454 |    123 |    435 |   2419 |   4 |  894.2 |
       Dungeon |   3577 |   3454 |    123 |    435 |   2419 |   4 |  894.2 |
               +--------+--------+--------+--------+--------+-----+--------+

Top non-repeatable levels by time:
     D:2: 1575 daAuts
     D:3: 995 daAuts
     D:1: 894 daAuts
     D:4: 111 daAuts

Table legend:
 A = Non-vault XP
 B = Vault XP
 C = Vault XP percentage of total XP
 D = Non-vault monster count
 E = Vault monster count
 F = Vault count percentage of total count
                 A         B        C        D         E       F
            +---------+---------+-------+---------+---------+-------
      Total |     359 |     300 |  45.5 |      70 |       3 |   4.1
            +---------+---------+-------+---------+---------+-------
        D:1 |      25 |       0 |   0.0 |      16 |       0 |   0.0
        D:2 |      96 |     263 |  73.3 |      32 |       2 |   5.9
        D:3 |      85 |      37 |  30.3 |      20 |       1 |   4.8
        D:4 |     153 |       0 |   0.0 |       2 |       0 |   0.0
            +---------+---------+-------+---------+---------+-------
